[Event "*** Titled Tuesday 3|2 Blitz"]
[Site "Chess.com"]
[Date "2015.05.05"]
[Round "2"]
[White "chessloveyou"]
[Black "MFBerna"]
[Result "1-0"]
[WhiteElo "2097"]
[BlackElo "1891"]
[TimeControl "180+2"]
[EndTime "11:22:49 PDT"]
[Termination "chessloveyou won by resignation"]

1. Nf3 d6 2. d4 Nf6 3. c4 g6 4. g3 Bg7 5. Bg2 O-O 6. O-O Nbd7 7. Nc3 e5 8. dxe5 dxe5 9. Nd2 c6 10. b3 Qc7 11. Bb2 Re8 12. Nde4 Nxe4 13. Nxe4 Bf8 14. Qd2 f5 15. Ng5 Nf6 16. Rad1 h6 17. Nf3 Ne4 18. Qc2 Be6 19. Nh4 Bf7 20. Bxe4 fxe4 21. Qxe4 Kh7 22. Rd3 Bg7 23. Rfd1 Rad8 24. Bc3 Rxd3 25. Rxd3 Rd8 26. Nf3 Rxd3 27. exd3 Be6 28. Bxe5 Bxe5 29. Qxe5 Qxe5 30. Nxe5 c5 31. f3 Kg7 32. Kf2 Kf6 33. f4 g5 34.
Ke3 Kf5 35. g4+ Kf6 36. h3 a5 37. Ke4 Bg8 38. f5 h5 39. Nf3 hxg4 40. hxg4 Bf7 41. d4 Be8 42. d5 Bd7 43. Ne5 Be8 44. Nd3 b6 45. Ne5 a4 46. Nd3 a3 47. Ne1 b5 48.
Nc2 b4 49. Ne1 Bd7 50. Nd3 Bxf5+ 51. gxf5 g4 52. Nxc5 g3 53. Kf3 Kxf5 54. Kxg3 Ke5 55. Kf3 1-0

[Event "*** Titled Tuesday 3|2 Blitz"]
[Site "Chess.com"]
[Date "2015.05.05"]
[Round "2"]
[White "Hikaru"]
[Black "zmaj23"]
[Result "1-0"]
[WhiteElo "2828"]
[BlackElo "2437"]
[TimeControl "180+2"]
[EndTime "11:22:51 PDT"]
[Termination "Hikaru won by resignation"]

1. d4 Nf6 2. Nf3 e6 3. Nc3 c5 4. e4 cxd4 5. Nxd4 Nc6 6. Be3 Bb4 7. Nxc6 bxc6 8. Qd3 Qa5 9. Bd2 d5 10. e5 Nd7 11. f4 c5 12. a3 Bxc3 13. Bxc3 Qc7 14.
Qg3 g6 15. b4 Rb8 16. Be2 Qc6 17. O-O Ba6 18. Bxa6 Qxa6 19. bxc5 Nxc5 20. Bb4 Rc8 21. Kh1 Qc4 22. Rf3 O-O 23. Qh4 Rfe8 24. Rc3 Qd4 25. Rf1 Ne4 26. Rd3 Qb2 27. c3 Qe2 28. Rdd1 Nxc3 29.
Rde1 Qc4 30. Be7 Ne4 31. Bf6 Qc5 32. Rf3 h5 33. g4 Nxf6 34. exf6 hxg4 35. Qxg4 Qd4 36.
Qg5 Rc3 37. Rff1 Rec8 38. Rxe6 Rh3 39. Qg2 Rh4 40. Qg3 Rh5 41. f5 Rxf5 42. Rfe1 Rxf6 43. Re7 Kg7 44. Qe5 Qxe5 45. R7xe5 Rc1 46. Rxc1 1-0

[Event "*** Titled Tuesday 3|2 Blitz"]
[Site "Chess.com"]
[Date "2015.05.05"]
[Round "2"]
[White "jefferyx"]
[Black "destroyer305"]
[Result "1/2-1/2"]
[WhiteElo "2295"]
[BlackElo "2146"]
[TimeControl "180+2"]
[EndTime "11:23:06 PDT"]
[Termination "Game drawn by agreement"]

1. e4 c5 2. Nf3 g6 3. c3 Bg7 4. d4 cxd4 5. cxd4 d5 6. e5 Bg4 7. Nc3 Nh6 8. Be2 O-O 9. h3 Bxf3 10.
Bxf3 e6 11. O-O Nc6 12. Ne2 Nf5 13. b3 f6 14. exf6 Qxf6 15. Bb2 Ncxd4 16. Nxd4 Nxd4 17. Bg4 h5 18. Bxd4 Qxd4 19. Bxe6+ Kh7 20. Rc1 Rad8 21.
Qxd4 Bxd4 22. Rc7+ Kh6 23. h4 Rf6 24. Bh3 Rdf8 25. Rxb7 Rxf2 26. Rxf2 Rxf2 27. Kh2 Be5+ 28. Kg1 Rxa2 29. Be6 Bg3 30. Rf7 Ra1+ 31. Rf1 Bh2+ 32. Kf2 Bg3+ 33. Ke2 Ra2+ 34. Kf3 Bxh4 35. Bxd5 Rd2 36.
Bc4 a5 37. g3 Bg5 38. Ra1 Bd8 39. Re1 Rd6 40. Re8 Bc7 41. Re7 Rf6+ 42. Kg2 Bd6 43. Ra7 Bb4 44. Ra6 Rf5 45. Bd3 Rg5 46. Re6 Bd2 47. Kf3 Bb4 48. Kf4 Bd2+ 49. Kf3 Bc3 50. Kf4 Rg4+ 51. Kf3 Bd2 52. Bc2 Rg5 53. Bd3 Bc3 54.
Kf4 Bb4 55. Kf3 Bc3 56. Kf4 Bb2 57. Kf3 Be5 58. Bxg6 Rxg3+ 59. Kf2 Rxg6 60. Rxe5 Rb6 61. Rxa5 Rxb3 62. Kg2 h4 63. Kh2 Rc3 1/2-1/2

[Event "*** Titled Tuesday 3|2 Blitz"]
[Site "Chess.com"]
[Date "2015.05.05"]
[Round "2"]
[White "DanielNaroditsky"]
[Black "Inopov"]
[Result "0-1"]
[WhiteElo "2543"]
[BlackElo "2487"]
[TimeControl "180+2"]
[EndTime "11:23:18 PDT"]
[Termination "Inopov won by resignation"]

1. d4 d5 2. c4 Bf5 3. Nf3 e6 4. Nc3 Nf6 5. cxd5 exd5 6. Bg5 Nc6 7. e3 Be7 8. Bxf6 Bxf6 9. Qb3 O-O 10. Nxd5 Bxd4 11.
Nxd4 Nxd4 12. exd4 Be6 13. Bc4 b5 14. Qxb5 c6 15.
Qxc6 Rc8 16. Qa4 Rxc4 17. Qxc4 Bxd5 18. Qc3 Bxg2 19. Rg1 Re8+ 20. Kd2 Qg5+ 21. Kc2 Be4+ 22. Kb3 Qb5+ 23. Qb4 Qd3+ 24. Ka4 Qa6+ 25. Kb3 Rc8 26. a4 Qd3+ 27. Ka2 Bd5+ 28. b3 Bxb3+ 29. Qxb3 Rc2+ 30. Ka3 Rc3 31. Rab1 Qxd4 32. Rgc1 Rxb3+ 33. Rxb3 g6 34. Rc2 Qd6+ 35. Kb2 Qxh2 36. Rb7 Qe5+ 37. Rc3 Qd4 38. f3 Qxa4 39. Rcc7 Qd4+ 40. Kc2 Qf2+ 41. Kc1 Qxf3 42.
Rxa7 h5 43. Kd2 h4 44. Rc8+ Kg7 45. Raa8 h3 46. Rg8+ Kf6 47. Rh8 h2 48. Ra1 Qf2+ 49. Kd3 Qf3+ 50. Kd2 Qd5+ 51. Kc2 Qe4+ 52. Kb2 Qd4+ 53.
Ka2 Qd5+ 54. Kb2 g5 55. Rf1+ Kg7 0-1

[Event "*** Titled Tuesday 3|2 Blitz"]
[Site "Chess.com"]
[Date "2015.05.05"]
[Round "2"]
[White "jcibarra"]
[Black "Tirantes"]
[Result "1-0"]
[WhiteElo "2500"]
[BlackElo "2222"]
[TimeControl "180+2"]
[EndTime "11:23:30 PDT"]
[Termination "jcibarra won on time"]

1. e4 e5 2. Nf3 Nc6 3. Nc3 Nf6 4. d4 exd4 5. Nxd4 Bc5 6. Be3 Bb6 7. Qd2 O-O 8.
O-O-O Ng4 9. Bg5 f6 10. Nxc6 bxc6 11. Bh4 d6 12. h3 Nh6 13. Bc4+ Kh8 14. g4 Nf7 15. f4 Qe8 16. Rhe1 Be6 17. Nd5 Qd7 18. f5 Bxd5 19. exd5 Ne5 20. dxc6 Qxc6 21. Bd5 Qa4 22.
Re4 Qa6 23. Bxa8 Qxa2 24. Qd5 Qa1+ 25. Kd2 Qxb2 26. Rxe5 dxe5 27. Bc6 h6 28. Qb3 Qd4+ 29. Ke2 Qc5 30. Be4 a5 31. Be1 a4 32. Qc3 Qg1 33.
Qg3 Qc5 34. Bf2 Qc4+ 35. Qd3 Qb4 36. Be1 Qc5 37. h4 a3 38. g5 fxg5 39. hxg5 Qg1 40. Qg3 Qxg3 41. Bxg3 hxg5 42. Rh1+ Kg8 43. Bd5+ Rf7 44.
Bxe5 Kf8 45. Bxf7 Kxf7 46. Kf3 c5 47. c4 Bd8 48. Ra1 Bf6 49. Bxf6 Kxf6 50. Ke4 g4 51. Rxa3 Kg5 52. Ra7 g3 53. Rxg7+ Kh4 54. Kf4 1-0

[Event "*** Titled Tuesday 3|2 Blitz"]
[Site "Chess.com"]
[Date "2015.05.05"]
[Round "2"]
[White "Boryboy"]
[Black "wonderfultime"]
[Result "0-1"]
[WhiteElo "2415"]
[BlackElo "2591"]
[TimeControl "180+2"]
[EndTime "11:23:34 PDT"]
[Termination "wonderfultime won by resignation"]

1. d4 d5 2. Nf3 Nf6 3. c4 c6 4. e3 Bf5 5. Nc3 e6 6. Nh4 Be4 7. f3 Bg6 8. Be2 Nbd7 9. Qb3 Qc7 10. Nxg6 hxg6 11. f4 Bd6 12. Bd2 a6 13. cxd5 cxd5 14. Rc1 Qb6 15. Qxb6 Nxb6 16. Bd3 Rc8 17. b3 Ke7 18. Ke2 Rc6 19. Nb1 Rxc1 20. Bxc1 Rh5 21. Ba3 g5 22. Bxd6+ Kxd6 23. fxg5 Rxg5 24. g3 Rh5 25.
Kf3 Nbd7 26. Nc3 e5 27. Be2 exd4 28. exd4 Nb8 29. Ke3 Rh8 30. Bf3 Nc6 31. a3 Ne7 32. Kd3 Nf5 33. g4 Rh3 34. gxf5 Rxf3+ 35. Kd2 Rxf5 36.
Rg1 g6 37. Rg2 Rf3 38. Re2 Rh3 39. Kc2 g5 40. Rf2 Ke6 41. Re2+ Kd6 42. Rf2 Ke7 43.
Re2+ Kf8 44. Na4 Ne4 45. Nc5 Nxc5 46. dxc5 d4 47. Rd2 Rc3+ 48. Kb2 Rxc5 49. Rxd4 Rc7 50.
b4 Kg7 51. a4 Kg6 52. Kb3 f5 53. b5 axb5 54. axb5 g4 55. Kb4 Kg5 56. b6 Rh7 57.
Rc4 Rxh2 58. Rc7 Rb2+ 59. Kc5 Kf4 60. Rxb7 Kg3 61. Rf7 f4 62. b7 f3 63. Kd4 f2 64.
Kd3 Rxb7 0-1

[Event "*** Titled Tuesday 3|2 Blitz"]
[Site "Chess.com"]
[Date "2015.05.05"]
[Round "2"]
[White "AnthonyWirig"]
[Black "Dlugy"]
[Result "1/2-1/2"]
[WhiteElo "2506"]
[BlackElo "2491"]
[TimeControl "180+2"]
[EndTime "11:23:41 PDT"]
[Termination "Game drawn - insufficient material"]

1. d4 g6 2. e4 Bg7 3. Nc3 d6 4. Be3 c6 5. h4 h5 6. Qd2 Nd7 7. Nh3 Qa5 8. Ng5 Nh6 9. f3 b5 10. Ne2 Qxd2+ 11. Kxd2 Nb6 12. b3 a5 13. Nc3 a4 14.
Bd3 b4 15. Ne2 Ba6 16. Rhb1 Kd7 17. a3 Bxd3 18. Kxd3 bxa3 19. Rxa3 Kc7 20. bxa4 Rxa4 21. Rba1 Rha8 22. Rxa4 Rxa4 23. Rxa4 Nxa4 24. Bc1 c5 25. c3 Kd7 26. Ba3 cxd4 27. cxd4 Nb6 28. Bc1 d5 29. e5 Nf5 30. Nxf7 Nxh4 31. Nf4 Ke8 32. e6 Bf6 33.
Bd2 Nf5 34. Bc3 Na4 35. Nxd5 Nxc3 36. Nxf6+ exf6 37. Kxc3 Ne3 38. g3 Ke7 39. Nh8 g5 40. Kd3 Nd5 41. Nf7 Kxe6 42. Nd8+ Kf5 43. Nc6 h4 44. gxh4 gxh4 45. Ke2 Nf4+ 46. Kf2 Ke6 47. Nb4 Kd6 48. Nc2 Kd5 49. Ne3+ Ke6 50. Ng4 Ng6 51.
Ke3 f5 52. Nf2 Kd5 53. Nh3 Kc4 54. Ng5 f4+ 55. Ke4 Ne7 56. Kxf4 Kxd4 57. Kg4 Ng6 58.
Nh3 Ne5+ 59. Kf4 Nxf3 60. Kxf3 Kd5 61. Kg4 Ke5 62. Kxh4 1/2-1/2

[Event "*** Titled Tuesday 3|2 Blitz"]
[Site "Chess.com"]
[Date "2015.05.05"]
[Round "2"]
[White "Haykos"]
[Black "Zhani-Z"]
[Result "1/2-1/2"]
[WhiteElo "2221"]
[BlackElo "2161"]
[TimeControl "180+2"]
[EndTime "11:24:07 PDT"]
[Termination "Game drawn by repetition"]

1. e4 e5 2. Nf3 Nc6 3. Bb5 a6 4. Ba4 Nf6 5. O-O Be7 6. Re1 b5 7. Bb3 d6 8. h3 O-O 9. c3 Nb8 10. d4 Nbd7 11. Bg5 h6 12. Bh4 Bb7 13. Nbd2 c5 14. Bg3 Qc7 15. d5 c4 16. Bc2 Nc5 17.
Nh4 g6 18. f4 exf4 19. Bxf4 Nh5 20. Bxh6 Bxh4 21. Qg4 Bxe1 22. Rxe1 Rfe8 23. Rf1 Kh7 24. Be3 Re5 25. Bd4 f6 26. Qf3 Rf8 27. g4 Ng7 28. Qg3 Qe7 29. Bxe5 fxe5 30. Nf3 Rf4 31. h4 Kg8 32.
Ng5 Rxf1+ 33. Kxf1 Qf6+ 34. Ke2 Bc8 35. b4 cxb3 36.
axb3 a5 37. b4 axb4 38. cxb4 Na4 39. Bd3 Bd7 40. Ke3 Ne8 41. Nf3 Nc7 42. g5 Qf7 43. h5 gxh5 44. g6 Qf4+ 45. Qxf4 exf4+ 46. Kxf4 Na6 47. Nd4 Nxb4 48. Bxb5 Bxb5 49. Nxb5 Nd3+ 50. Kg5 Ndc5 51. Nxd6 Nc3 52. Kxh5 N3xe4 53. Nxe4 Nxe4 54. Kg4 Nd6 55. Kf4 Kg7 56. Ke5 Nc4+ 57. Kd4 Nd6 58. Ke5 Nc4+ 59.
Kd4 Nd6 60. Ke5 Nc4+ 1/2-1/2

[Event "*** Titled Tuesday 3|2 Blitz"]
[Site "Chess.com"]
[Date "2015.05.05"]
[Round "2"]
[White "WanderingPuppet"]
[Black "MrHenriksson"]
[Result "0-1"]
[WhiteElo "2088"]
[BlackElo "2027"]
[TimeControl "180+2"]
[EndTime "11:24:12 PDT"]
[Termination "MrHenriksson won by resignation"]

1. e4 c6 2. Nc3 d5 3. Nf3 Bg4 4. d4 dxe4 5. Nxe4 Nf6 6. Nxf6+ gxf6 7. Bc4 Bxf3 8. gxf3 e6 9. c3 Nd7 10. Be3 Bd6 11. Qb3 Qc7 12. Bxe6 fxe6 13. Qxe6+ Kd8 14. Rg1 Re8 15. Qf5 Nf8 16. Qxf6+ Qe7 17. Qxe7+ Rxe7 18. O-O-O Rf7 19. Rd3 Bxh2 20. Rg8 Bf4 21. Kd2 Kd7 22.
d5 c5 23. Ke2 Re8 24. c4 Ng6 25. Rxe8 Kxe8 26. Rb3 b6 27. a4 Kd7 28. a5 Kc7 29. axb6+ axb6 30. Ra3 Kb7 31. Ra1 Ne5 32. b3 Bxe3 33. Kxe3 Nxf3 34. Rh1 Nd4 35. f4 Nxb3 36. Rh6 Na5 37. Kd3 Kc7 38. Re6 h5 39. Rh6 Rxf4 40.
Rxh5 Nxc4 41. Rh6 Nd6 42. Kc3 b5 43. Rh7+ Rf7 44. Rh6 Rf3+ 45. Kc2 b4 46. Rh7+ Rf7 47. Rh6 c4 48. Rh4 Kb6 49. Rh6 Kc5 50. Rh5 Rf5 51. Rh8 Rxd5 52. Rd8 Kd4 53. Rh8 b3+ 54. Kb2 Re5 55.
Rh4+ Re4 56. Rh2 Nb5 57. Rd2+ Kc5 58. Rh2 Kb4 59. Kc1 c3 60. Kd1 Na3 61. Rh8 b2 62. Rb8+ Nb5 63. Kc2 Re2+ 0-1

[Event "*** Titled Tuesday 3|2 Blitz"]
[Site "Chess.com"]
[Date "2015.05.05"]
[Round "2"]
[White "IMRosen"]
[Black "Tomsel"]
[Result "0-1"]
[WhiteElo "2213"]
[BlackElo "2362"]
[TimeControl "180+2"]
[EndTime "11:24:19 PDT"]
[Termination "Tomsel won by resignation"]

1. c4 Nf6 2. Nc3 d5 3. cxd5 Nxd5 4. g3 g6 5. Bg2 Nb6 6. h4 h5 7. Nh3 Bg7 8. d3 c5 9. Ng5 O-O 10. Be3 Na6 11. Rc1 c4 12. d4 Nb4 13. O-O e6 14. f4 N4d5 15. Bf2 Bd7 16. a3 Bc6 17. e4 Nf6 18.
Kh1 Ng4 19. Bg1 Qf6 20. Qe2 Rad8 21. Rcd1 Qe7 22. Rfe1 Rfe8 23. Qc2 Qf6 24. a4 a5 25. d5 Nxd5 26. exd5 exd5 27. Rxe8+ Rxe8 28. Nxd5 Qxb2 29. Rc1 Re2 30. Qxb2 Bxb2 31. Ne7+ Rxe7 32. Rxc4 Bxg2+ 33. Kxg2 Re2+ 34. Kf3 Re1 35. Bc5 Rf1+ 36. Kg2 Re1 37. Bb6 Bf6 38. Ne4 Be7 39. Rc8+ Kh7 40. Bd4 f6 41.
Ng5+ Kg7 42. Nf3 Re2+ 43. Kf1 Ra2 44. Rc7 Kf8 45. Rxb7 Rxa4 46. Rb8+ Kf7 47. Rb7 Ke6 48.
Rb6+ Kd5 49. Bb2 Ke4 50. Ne1 Rb4 51. Re6+ Kf5 52. Re2 Bc5 53. Nf3 Ne3+ 54. Ke1 Ke4 55. Bc1 Kxf3 56. Rf2+ Kxg3 57. Re2 Rb1 58. Kd2 Kf3 59.
Rh2 Nf1+ 60. Kc2 Rxc1+ 61. Kxc1 Nxh2 62. f5 gxf5 0-1

[Event "*** Titled Tuesday 3|2 Blitz"]
[Site "Chess.com"]
[Date "2015.05.05"]
[Round "2"]
[White "GregShahade"]
[Black "lukas_111111"]
[Result "1/2-1/2"]
[WhiteElo "2440"]
[BlackElo "2335"]
[TimeControl "180+2"]
[EndTime "11:24:23 PDT"]
[Termination "Game drawn - insufficient material"]

1. e4 c5 2. Nf3 d6 3. d4 cxd4 4.
Nxd4 Nf6 5. Nc3 a6 6. Be3 Ng4 7.
Bg5 h6 8. Bh4 g5 9. Bg3 Bg7 10.
h3 Ne5 11. f3 Nbc6 12. Qd2 Nxd4 13. O-O-O Ndc6 14. h4 gxh4 15. Bxh4 Be6 16. Nd5 Ng6 17. Bf2 Bxd5 18. exd5 Nce5 19. f4 Ng4 20. Bd4 Bxd4 21. Qxd4 Nf6 22. g4 Rc8 23. g5 hxg5 24. Rxh8+ Nxh8 25. fxg5 Qc7 26. Bd3 Qc5 27. Qxc5 Rxc5 28.
gxf6 exf6 29. c4 Ng6 30. b3 Ne5 31. Kd2 Ke7 32. Rh1 Rc8 33. Be2 Rg8 34. Rh4 Rb8 35.
Kc3 Rc8 36. Kb4 Rc5 37. a3 a5+ 38. Kc3 b5 39. Rh8 a4 40. bxa4 bxc4 41. Rb8 Rxd5 42. Rb7+ Ke6 43. Bf1 Rd1 44. Bxc4+ d5 45. Bb5 d4+ 46. Kc2 Ra1 47. Kb2 Rg1 48. a5 d3 49.
a6 d2 50. Ba4 Rg2 51. Kc3 Rg3+ 52. Kxd2 Rxa3 53. Bb5 Nf3+ 54. Kc1 Nd4 55. Bc4+ Ke5 56. a7 Nc6 57. Rxf7 Nxa7 58. Kb2 Ra5 59. Re7+ Kf4 60. Rf7 f5 61. Be6 Nc6 62. Rxf5+ Rxf5 63. Bxf5 Kxf5 1/2-1/2

[Event "*** Titled Tuesday 3|2 Blitz"]
[Site "Chess.com"]
[Date "2015.05.05"]
[Round "2"]
[White "Cryptochess"]
[Black "iaraldinho"]
[Result "1-0"]
[WhiteElo "2384"]
[BlackElo "2300"]
[TimeControl "180+2"]
[EndTime "11:24:41 PDT"]
[Termination "Cryptochess won by resignation"]

1. e4 c5 2. Nc3 e6 3. g3 a6 4. Bg2 Nc6 5. d3 Nf6 6. Nge2 d5 7. exd5 exd5 8. d4 Bg4 9. h3 Bxe2 10. Qxe2+ Be7 11.
dxc5 O-O 12. O-O d4 13. Ne4 Nxe4 14. Bxe4 g6 15. Rd1 Bxc5 16. Bxc6 bxc6 17. Qc4 Qe7 18.
Bf4 Rfe8 19. Kf1 Qe4 20. Kg1 Ba7 21. Re1 Qf3 22. Qd3 Qxd3 23. cxd3 Rac8 24. Kf1 f6 25. h4 Kf7 26. Rac1 Re6 27. Rc4 Rce8 28. Rxe6 Rxe6 29. Ra4 c5 30. Rc4 Ke7 31. b4 Rc6 32. Ke2 Ke6 33. bxc5 Rxc5 34. Rxc5 Bxc5 35.
Kf3 f5 36. Bd2 Bd6 37. g4 Be7 38. h5 fxg4+ 39. Kxg4 gxh5+ 40. Kxh5 Kf5 41. Kh6 Kg4 42. f4 Bd6 43. Kxh7 Bxf4 44. Ba5 Kf3 45. Kg6 Ke2 46. Kf5 Be3 47. Ke4 Kd1 48. Bb6 Kc2 49. Bxd4 Bg5 50.
Bc5 Kb2 51. a3 Kb3 52. d4 Kc4 53. Bf8 a5 54. d5 a4 55. Ke5 Kb5 56. Ke6 Bc1 57. d6 Bf4 58. d7 Bc7 59. Bb4 Kc6 60. Ke7 Bb6 61. Ke8 Bc7 62. Be7 Bb6 63. Bd8 Be3 64. Ba5 Bg5 65. Bb4 Bd8 66. Kxd8 1-0

[Event "*** Titled Tuesday 3|2 Blitz"]
[Site "Chess.com"]
[Date "2015.05.05"]
[Round "2"]
[White "GMHess"]
[Black "pKiLz5Rn9b"]
[Result "1/2-1/2"]
[WhiteElo "2518"]
[BlackElo "2260"]
[TimeControl "180+2"]
[EndTime "11:26:23 PDT"]
[Termination "Game drawn - insufficient material"]

1. b3 Nf6 2. Bb2 g6 3. Bxf6 exf6 4. c4 Bg7 5. Nc3 O-O 6. h4 f5 7. h5 c6 8. e3 d5 9. hxg6 fxg6 10. cxd5 cxd5 11.
Nxd5 Bxa1 12. Qxa1 Be6 13. Nf4 Bf7 14. Nf3 Nd7 15.
Be2 Qf6 16. d4 Rfe8 17. Bb5 Rad8 18. O-O a6 19. Bxd7 Rxd7 20. Ne5 Rc7 21. Qd1 Rd8 22. Qf3 Qd6 23. Qg3 Re7 24. Qg5 Rc8 25. Kh2 Rc2 26. Kg3 Rxa2 27. Rh1 Rxe5 28. dxe5 Qxe5 29. Qd8+ Kg7 30. Qh4 Bg8 31. Qh6+ Kf7 32. Rd1 Qb2 33. Nh3 Qf6 34. Rd7+ Ke8 35. Rg7 Bd5 36. Qxh7 Bf7 37. Qh8+ Ke7 38. Qh6 Qe5+ 39. Kh4 Rc2 40. Ng5 Qh2+ 41.
Nh3 Qe5 42. Qg5+ Kf8 43. Rh7 Rd2 44. Qf4 Qxf4+ 45. exf4 Rd3 46. Ng5 Bxb3 47. Rxb7 a5 48. Rb6 Kg7 49. Rb7+ Kf8 50. Ra7 a4 51. Nh7+ Ke8 52.
Kg5 Rd2 53. Kxg6 Rxf2 54. g3 Rf3 55. Nf6+ Kd8 56. Nh5 a3 57. Rxa3 Bf7+ 58. Kxf7 Rxa3 59. Kg6 Ke7 60. Kxf5 Kf7 61. Kg5 Ra5+ 62. f5 Ra3 63. g4 Ra8 64. Nf4 Ra6 65. Ng6 Rb6 66. Ne5+ Kg7 67. Nd3 Rd6 68. Nf4 Kf7 69. Kh5 Rd4 70.
Ne6 Rd1 71. Kg5 Rd5 72. Nf4 Rb5 73. Nh5 Ra5 74. Ng3 Ra4 75. Nf1 Ra3 76. Nd2 Re3 77.
Kf4 Re2 78. Ne4 Re1 79. g5 Rf1+ 80. Ke5 Rg1 81. Kd5 Rd1+ 82. Ke5 Rg1 83. Kf4 Rf1+ 84. Kg4 Rg1+ 85. Kf4 Rf1+ 86. Ke5 Rg1 87. Nd6+ Kg7 88. f6+ Kg6 89. f7 Rf1 90. Ke6 Kxg5 91. Ke7 Rxf7+ 92. Nxf7+ 1/2-1/2

[Event "*** Titled Tuesday 3|2 Blitz"]
[Site "Chess.com"]
[Date "2015.05.05"]
[Round "2"]
[White "bugsbunny444"]
[Black "NguyenDucHoa"]
[Result "0-1"]
[WhiteElo "2313"]
[BlackElo "2395"]
[TimeControl "180+2"]
[EndTime "11:27:05 PDT"]
[Termination "NguyenDucHoa won by checkmate"]

1. Nf3 d5 2. c4 e6 3. g3 Nf6 4. Bg2 Be7 5. O-O O-O 6. b3 a5 7.
Nc3 c6 8. d4 b6 9. Qd3 Bb4 10.
Bb2 Ba6 11. a3 Bxc3 12. Bxc3 b5 13. cxb5 Bxb5 14. Qc2 Ne4 15. Bb2 Nd7 16. Ne5 Ndf6 17. a4 Ba6 18. Ba3 Re8 19. Rfc1 Rc8 20. e3 Qb6 21.
Rab1 h5 22. f3 Ng5 23. Qc5 Qb7 24. Qxa5 h4 25. gxh4 Ngh7 26. b4 Be2 27. Kf2 Bc4 28. Nxc4 dxc4 29. Rxc4 Nd5 30. b5 Nhf6 31. Qd2 Qb8 32. Kg1 e5 33. dxe5 Rxe5 34. e4 Nb6 35. Rxc6 Nc4 36. Rxc8+ Qxc8 37. Rc1 Qc7 38. Qd4 Rh5 39.
Qxc4 Qf4 40. Qc8+ Kh7 41. Qc2 Qe3+ 42. Qf2 Qxa3 43. Rb1 Qd3 44. Qb2 Rxh4 45. Rf1 Qe3+ 46. Qf2 Qh6 47. Qg3 Rh5 48. f4 Rh4 49. e5 Rg4 50.
exf6 Rxg3 51. hxg3 Qxf6 52. Rb1 Qd4+ 53. Kh2 Qxa4 54. b6 Qc2 55. Rb4 Qc5 56. Rb1 Qh5+ 57. Kg1 Qf5 58. Rb3 Qc2 59. Rb5 Qc4 60. Rb1 Qd3 61.
Rf1 Qd4+ 62. Kh2 Qxb6 63. Be4+ Kh6 64. Kg2 Qb2+ 65. Kf3 Qc3+ 66. Kg4 g6 67. Kh3 Qc4 68. Bg2 Qe2 69. Kh2 Kg7 70. Rf3 Kf6 71. Rf1 Qd2 72.
Rf3 Kf5 73. Ra3 Kg4 74. Rf3 Qe2 75. Ra3 f6 76. Kg1 Qe1+ 77. Kh2 Qd2 78. Rf3 Kf5 79. Rf1 Qe2 80. Rf3 Ke6 81. Rf1 Kd6 82. Rf3 Kc5 83. Rf1 Kd4 84. Rf3 Qd2 85. Kg1 Qe1+ 86. Kh2 Qe2 87. Kg1 Qd2 88. Kh2 Kc4 89. Kg1 Kc5 90. Kh2 Kd6 91. Kg1 Ke6 92. Kh2 Kf5 93.
Kh3 Qd1 94. Rf1 Qh5# 0-1

[Event "*** Titled Tuesday 3|2 Blitz"]
[Site "Chess.com"]
[Date "2015.05.05"]
[Round "3"]
[White "iaraldinho"]
[Black "AlexanderL"]
[Result "0-1"]
[WhiteElo "2296"]
[BlackElo "2526"]
[TimeControl "180+2"]
[EndTime "11:30:51 PDT"]
[Termination "AlexanderL won by resignation"]

1. e4 e6 2. d4 d5 3. Nc3 Nf6 4.
Bg5 dxe4 5. Nxe4 Be7 6. Bxf6 gxf6 7. Nf3 a6 8. Bd3 f5 9. Ng3 c5 10. dxc5 Nd7 11. Qe2 Nxc5 12. O-O-O Qa5 13. Kb1 Na4 14. c4 Bf6 15. Rd2 Bxb2 16. Rc2 Nc3+ 17. Rxc3 Bxc3 18.
Rc1 Qb4+ 19. Kc2 Bd7 20. Kd1 Ba4+ 0-1

[Event "*** Titled Tuesday 3|2 Blitz"]
[Site "Chess.com"]
[Date "2015.05.05"]
[Round "3"]
[White "Boryboy"]
[Black "llamalord42"]
[Result "1-0"]
[WhiteElo "2421"]
[BlackElo "2232"]
[TimeControl "180+2"]
[EndTime "11:31:02 PDT"]
[Termination "Boryboy won by resignation"]

1. d4 Nf6 2. Nf3 g6 3. g3 Bg7 4. Bg2 O-O 5. O-O d6 6. a4 a5 7.
b3 d5 8. Nc3 Bf5 9. Ne5 Nbd7 10.
f4 c6 11. h3 Ne4 12. Nxe4 Bxe4 13. Bxe4 dxe4 14. Bb2 Nf6 15. c4 h5 16. Qc1 Qc8 17. Kg2 Ne8 18. Qe3 Nd6 19. c5 Nf5 20.
Qxe4 h4 21. g4 Ng3 22. Qf3 Nxf1 23. Rxf1 Bxe5 24. fxe5 Qe6 25. e4 f6 26. d5 Qf7 27.
e6 Qh7 28. d6 b6 29. e5 fxe5 30. Qxf8+ Rxf8 31. Rxf8+ Kxf8 32. d7 1-0

[Event "*** Titled Tuesday 3|2 Blitz"]
[Site "Chess.com"]
[Date "2015.05.05"]
[Round "3"]
[White "esr44"]
[Black "Malev212"]
[Result "0-1"]
[WhiteElo "2034"]
[BlackElo "2189"]
[TimeControl "180+2"]
[EndTime "11:33:08 PDT"]
[Termination "Malev212 won on time"]

1. d4 d6 2. Bg5 h6 3. Bh4 g5 4. Bg3 Bg7 5. e3 Nf6 6. Nc3 c6 7. Bc4 b5 8. Bd3 Nbd7 9. h4 b4 10. hxg5 hxg5 11. Rxh8+ Bxh8 12. Ne4 Qa5 13. Qf3 Bb7 14.
Bxd6 g4 15. Qf4 b3+ 16. c3 Qxa2 17. Rb1 Ba6 0-1

[Event "*** Titled Tuesday 3|2 Blitz"]
[Site "Chess.com"]
[Date "2015.05.05"]
[Round "3"]
[White "Zvonokchess"]
[Black "hellokostya"]
[Result "0-1"]
[WhiteElo "2486"]
[BlackElo "2274"]
[TimeControl "180+2"]
[EndTime "11:33:51 PDT"]
[Termination "hellokostya won on time"]

1. e4 e5 2. Nf3 Nc6 3. Nc3 Nf6 4. Be2 d5 5. exd5 Nxd5 6. O-O Be7 7. d4 Nxc3 8. bxc3 Qd6 9. a4 exd4 10. Ba3 Qd5 11. Bxe7 Nxe7 12. cxd4 O-O 13. c4 Qd6 14. h3 c5 15. d5 Ng6 16. Bd3 Nf4 17. Re1 Bd7 18. Bc2 Rfe8 19. Qd2 Qf6 0-1

[Event "*** Titled Tuesday 3|2 Blitz"]
[Site "Chess.com"]
[Date "2015.05.05"]
[Round "3"]
[White "goldaxe"]
[Black "pedromartinez91"]
[Result "0-1"]
[WhiteElo "2172"]
[BlackElo "2164"]
[TimeControl "180+2"]
[EndTime "11:34:01 PDT"]
[Termination "pedromartinez91 won on time"]

1. e4 e6 2. d4 d5 3. Nc3 Nf6 4. e5 Nfd7 5. f4 c5 6. Nf3 Nc6 7. Be3 Rb8 8. Be2 Qa5 9. O-O b5 10. a3 b4 11. axb4 Qxb4 12. Qd2 cxd4 13. Nxd4 Nxd4 14.
Bxd4 Bc5 15. Bxc5 Qxc5+ 16. Kh1 Rxb2 17. Bd3 Rb8 18. f5 Nxe5 19. Na4 Qb4 20. Qg5 Qg4 21.
Qe3 Nxd3 22. cxd3 d4 23. Qe5 Rb2 24. Nxb2 O-O 25. f6 g6 26. Nc4 Bb7 27. Qg3 Qh5 28. Rf4 Bd5 0-1

[Event "*** Titled Tuesday 3|2 Blitz"]
[Site "Chess.com"]
[Date "2015.05.05"]
[Round "3"]
[White "jefferyx"]
[Black "Zhani-Z"]
[Result "1-0"]
[WhiteElo "2319"]
[BlackElo "2153"]
[TimeControl "180+2"]
[EndTime "11:34:01 PDT"]
[Termination "jefferyx won by resignation"]

1. b4 Nf6 2. Bb2 e6 3. a3 d5 4. e3 Bd6 5. g4 e5 6. g5 Nfd7 7.
h4 Nb6 8. Nf3 Qe7 9. Rg1 Na4 10.
Bb5+ Bd7 11. Bxa4 Bxa4 12. Nc3 Bc6 13. b5 Bd7 14. Nxd5 Qe6 15. c4 Bxb5 16. Nxc7+ Bxc7 17. cxb5 O-O 18. Rc1 Bd6 19. Qa4 Nd7 20. Qg4 Qe7 21.
Ke2 Nc5 22. h5 Rad8 23. g6 fxg6 24. hxg6 h6 25. Rxc5 e4 26. Rf5 exf3+ 27. Rxf3 Rxf3 28. Qxf3 Bxa3 29. Qf7+ 1-0

[Event "*** Titled Tuesday 3|2 Blitz"]
[Site "Chess.com"]
[Date "2015.05.05"]
[Round "3"]
[White "brauliocuarta"]
[Black "Mvpag"]
[Result "1-0"]
[WhiteElo "2071"]
[BlackElo "1947"]
[TimeControl "180+2"]
[EndTime "11:34:22 PDT"]
[Termination "brauliocuarta won by resignation"]

1. d4 d5 2. c4 e6 3. Nc3 Nf6 4. Nf3 Be7 5. Bf4 a6 6. cxd5 exd5 7.
Qc2 c6 8. e3 Nbd7 9. O-O-O Nf8 10.
Ne5 Ng6 11. Bg3 O-O 12. h4 Nh5 13. Bd3 Nxg3 14. Nxg6 fxg6 15. fxg3 Bf5 16. h5 Bxd3 17.
Qxd3 gxh5 18. Rxh5 h6 19. Rxh6 gxh6 20. Qg6+ Kh8 21.
Qxh6+ Kg8 22. Qg6+ Kh8 23. Rh1+ Bh4 24. Rxh4+ Qxh4 25. gxh4 Rf1+ 26. Kc2 Raf8 27. h5 R1f6 28. Qg5 Rf5 29.
Qh6+ Kg8 30. g4 Rf2+ 31. Kb3 Rg2 32. g5 Rff2 33. Qe6+ Kh8 34. Nd1 Rd2 35. h6 Rxd1 36.
Qf6+ 1-0

[Event "*** Titled Tuesday 3|2 Blitz"]
[Site "Chess.com"]
[Date "2015.05.05"]
[Round "3"]
[White "GregShahade"]
[Black "Lovlas"]
[Result "1-0"]
[WhiteElo "2448"]
[BlackElo "2240"]
[TimeControl "180+2"]
[EndTime "11:34:42 PDT"]
[Termination "GregShahade won by resignation"]

1. e4 e6 2. d4 d5 3. Nd2 Nf6 4.
e5 Nfd7 5. c3 c5 6. Bd3 Nc6 7.
Ne2 cxd4 8. cxd4 f6 9. exf6 Nxf6 10. O-O Bd6 11. Nf3 Qc7 12. g3 O-O 13. Bf4 Bd7 14. Rc1 Be8 15. Bxd6 Qxd6 16. Nf4 Ne4 17.
Bxe4 dxe4 18. Ng5 Rxf4 19. gxf4 Qxf4 20. Nxe6 Qf5 21. d5 Bh5 22. f3 Ne5 23. Qd2 Nxf3+ 24. Rxf3 Bxf3 25. Qg5 Qxg5+ 26. Nxg5 Rd8 27. Kf2 Bh5 28.
Rc7 Bg6 29. Ne6 Rxd5 30. Rxg7+ Kh8 31. Rxb7 Rd2+ 32. Ke1 1-0